 Dungeon Crawl Stone Soup version 0.18-a0-1160-geb89fc2 (webtiles) character file.

346 Duffy the Shield-Bearer (level 6, -2/47 HPs)
             Began as a Formicid Fighter on Jan 24, 2016.
             Slain by a giant frog zombie (6 damage)
             ... on level 5 of the Dungeon.
             The game lasted 00:02:53 (3396 turns).

Duffy the Shield-Bearer (Formicid Fighter)          Turns: 3396, Time: 00:02:53

Health: -2/47      AC:  6    Str: 23    XL:     6   Next: 90%
Magic:  6/6        EV:  9    Int:  7    God:
Gold:   175        SH: 10    Dex: 10    Spells: 0 memorised, 5 levels left

rFire  . . .     SeeInvis +     a - +0 war axe
rCold  . . .     Gourm    .     b - +0 scale mail
rNeg   . . .     Faith    .     c - +0 shield
rPois  .         Spirit   .     (helmet unavailable)
rElec  .         Dismiss  .     (no cloak)
rCorr  .         Reflect  .     (no gloves)
SustAt .         Harm     .     (no boots)
MR     .....                    (no amulet)
Stlth  ..........               (no ring)
                                (no ring)

@: not resistant to hostile enchantments, extremely unstealthy
A: permanent stasis, dig shafts and tunnels, four strong arms, antennae 3
a: Dig, Shaft Self


You were on level 5 of the Dungeon.
You were hungry.

You visited 2 branches of the dungeon, and saw 6 of its levels.

You collected 175 gold pieces.


Innate Abilities, Weirdness & Mutations

You are under a permanent stasis effect.
You can dig through walls and to a lower floor.
Your four strong arms can wield two-handed weapons with a shield.
You have a pair of large antennae on your head (SInv).


   Skills:
 - Level 3.2 Fighting
 + Level 5.0 Axes
 - Level 3.2 Armour
 + Level 6.5 Shields


You had 5 spell levels left.
You didn't know any spells.

Inventory:

Hand Weapons
 a - a +0 war axe (weapon)
Missiles
 k - 7 tomahawks (quivered)
 t - 6 curare-tipped needles
Armour
 b - a +0 scale mail (worn)
 c - a +0 shield (worn)
 s - a +0 chain mail
Jewellery
 v - an uncursed ring of sustain attributes {unknown}
Scrolls
 e - 12 scrolls of identify {unknown}
 h - a scroll of amnesia {unknown}
 l - a scroll of fear {unknown}
 n - 2 scrolls of remove curse {unknown}
 p - 2 scrolls of blinking {unknown}
 q - a scroll of magic mapping {unknown}
 r - a scroll of teleportation {unknown}
 u - a scroll of enchant armour {unknown}
 w - 4 scrolls of immolation {unknown}
 y - a scroll of enchant weapon {unknown}
 z - 2 scrolls of random uselessness {unknown}
Potions
 d - 2 potions of might
 g - a potion of brilliance {unknown}
 i - a potion of agility {unknown}
 j - 3 potions of curing {unknown}
 B - 2 potions of berserk rage {unknown}
Comestibles
 f - a bread ration
 m - 2 meat rations
 o - a royal jelly
 x - 4 chunks of flesh
 A - a beef jerky

Dungeon Overview and Level Annotations

Branches:
Dungeon (5/15)             Temple (1/1) D:4

Altars:
Dithmenos
Elyvilon
Fedhas
Gozag
Makhleb
Nemelex Xobeh
Okawaru
Pakellas
Trog
Vehumet
Xom
The Shining One


Message History

You are too injured to fight recklessly!
You are too injured to fight recklessly!
You are too injured to fight recklessly!
You are too injured to fight recklessly!
You are too injured to fight recklessly!
You are too injured to fight recklessly!
You are too injured to fight recklessly!
You are too injured to fight recklessly!
You are too injured to fight recklessly!
You are too injured to fight recklessly!
You are too injured to fight recklessly!
You are too injured to fight recklessly!
You are too injured to fight recklessly!
You are too injured to fight recklessly!
You are too injured to fight recklessly!
You hit the giant frog zombie.
The giant frog zombie barely misses you.
You hit the giant frog zombie.
You block the giant frog zombie's attack.
The giant frog zombie barely misses you.
You hit the giant frog zombie.
The giant frog zombie hits you but does no damage.
You block the giant frog zombie's attack.
You barely miss the giant frog zombie. The giant frog zombie hits you.
You block the giant frog zombie's attack.
You hit the giant frog zombie. The giant frog zombie hits you.
You barely miss the giant frog zombie. The giant frog zombie hits you.
You block the giant frog zombie's attack.
You barely miss the giant frog zombie. The giant frog zombie hits you.
You barely miss the giant frog zombie. The giant frog zombie hits you.
You block the giant frog zombie's attack.
You slash the giant frog zombie!
The giant frog zombie hits you but does no damage.
The giant frog zombie hits you.
You die...

..................##.#####
#.......######.......#
..####..#....#....##.#
#....................#
....#.............##.#
........####.#...###.#
...... #.#.......
........####.#######.#..
................@Zo.....
........####.#######.#.# .
. #........ .######## ..
... .... ..... ...)..


You could see an orc and a giant frog zombie.

Action                   |  1- 3 |  4- 6 || total
-------------------------+-------+-------++-------
Melee: War axe           |   122 |   121 ||   243
 Abil: Dig               |     3 |     1 ||     4
  Eat: Chunk             |     1 |     7 ||     8

Notes
Turn   | Place    | Note
--------------------------------------------------------------
     0 | D:1      | Duffy the Formicid Fighter began the quest for the Orb.
     0 | D:1      | Reached XP level 1. HP: 18/18 MP: 1/1
   102 | D:1      | Reached XP level 2. HP: 24/24 MP: 2/2
   106 | D:1      | Reached skill level 4 in Shields
   343 | D:1      | Reached XP level 3. HP: 27/29 MP: 3/3
   677 | D:1      | Reached skill level 3 in Axes
  1412 | D:2      | Found an oddly glowing altar of Pakellas.
  1442 | D:2      | Found a shadowy altar of Dithmenos.
  1447 | D:2      | Reached XP level 4. HP: 28/35 MP: 4/4
  1553 | D:2      | Found a sparkling altar of Nemelex Xobeh.
  1601 | D:2      | Noticed Robin
  1610 | D:2      | Killed Robin
  1995 | D:2      | Found a glowing golden altar of the Shining One.
  2096 | D:2      | Reached skill level 5 in Shields
  2242 | D:3      | Found a faded altar to an unknown god.
  2279 | D:3      | Reached XP level 5. HP: 38/41 MP: 5/5
  2345 | D:3      | Found a shimmering altar of Xom.
  2345 | D:3      | Found a shimmering altar of Xom.
  2345 | D:3      | Found a shimmering altar of Xom.
  2346 | D:3      | Found a shimmering altar of Xom.
  2346 | D:3      | Found a shimmering altar of Xom.
  2347 | D:3      | Found a shimmering altar of Xom.
  2347 | D:3      | Found a shimmering altar of Xom.
  2356 | D:3      | You fall through a shaft!
  2507 | D:4      | Found a staircase to the Ecumenical Temple.
  2517 | D:4      | Reached skill level 4 in Axes
  2534 | Temple   | Entered the Ecumenical Temple
  3064 | D:5      | Entered Level 5 of the Dungeon
  3215 | D:5      | Noticed an ogre
  3220 | D:5      | Killed an ogre
  3220 | D:5      | Reached skill level 6 in Shields
  3220 | D:5      | Reached XP level 6. HP: 40/47 MP: 6/6
  3312 | D:5      | Found an iron altar of Okawaru.
  3373 | D:5      | Noticed an ogre
  3380 | D:5      | Killed an ogre
  3380 | D:5      | Reached skill level 5 in Axes
  3396 | D:5      | Slain by a giant frog zombie

Vault maps used:
D:1:      scummos_arrival_simple_fountains
D:2:      tso_altar, grunt_pakellas_salt, lemuel_doored_altar,
          grunt_dithmenos_smoke_and_mirrors, uniq_robin
D:3:      marbit_many_paths, xom_redecorated, ecumenical_altar_2, uniq_iyjb,
          uniq_grinder
D:4:      lemuel_upstairs_altar, minmay_temple_entry_large_hall, first_bread
D:5:      okawaru_gym_becter, zin_academy
Temple:   hc_temple_tempest_star_small

Vanquished Creatures
  2 ogres
  A hound
  A worker ant Robin
  3 adders
  2 worms
  2 orcs
  A ball python
  7 bats
  5 giant cockroaches
  17 goblins
  8 hobgoblins
  8 jackals
  2 quokkas
  2 giant newts
  6 kobolds
  7 rats
75 creatures vanquished.
